 Dungeon Crawl Stone Soup version 0.30.1-11-g7821555f0a (webtiles) character file.

Game seed: 13570746542436261494

7667 monsoonserge the Thaumaturge (level 11, 0/78 HPs)
             Began as a Djinni Venom Mage on Dec 11, 2023.
             Was a Priest of Ashenzari.
             Killed from afar by an acid dragon (22 damage)
             ... with a splash of acid
             ... on level 10 of the Dungeon on Dec 13, 2023.
             The game lasted 00:58:25 (11708 turns).

monsoonserge the Thaumaturge (Djinni Venom Mage)   Turns: 11708, Time: 00:58:26

Health: 0/78       AC:  1    Str:  7    XL:     11   Next: 41%
Gold:   924        EV: 13    Int: 20    God:    Ashenzari [***...] SH:  5 Dex: 15

rFire   + + +        b - staff of conjuration of Ashenzari's Seer (curse) {Self, Evo} (curse)
rCold   x . .        e - +0 buckler "Share My Vision" {Melee, Self} (curse)
rNeg    + . .        E - +2 robe {rN+}
rPois   ∞            J - +0 helmet
rElec   .            (no cloak)
rCorr   .            (no gloves)
SInv    +            (boots unavailable)
Will    +....        m - amulet of the acrobat
Stlth   ++           o - ring of Supernal Knowledge {SInv, Fort, Cun} (curse)
HPRegen 0.33/turn    F - ring "Circumscribed With Me" {rF+, Evo, Range} (curse)
MPRegen 0.00/turn

%: acrobat, clarity, infuse magic (-1 HP)
@: corroded, flying
A: sickness immunity, fire resistance 2, cold vulnerability 1, float, innate
caster, HP casting, extra vitality 1
a: Renounce Religion, Shatter the Chains


You were on level 10 of the Dungeon.
You worshipped Ashenzari.
Ashenzari was most pleased with you.
You visited 2 branches of the dungeon, and saw 11 of its levels.
You also visited: Sewer and Bailey.

You collected 924 gold pieces.

Inventory:

Hand Weapons
 a - the +10 rapier of the Pill Bug {protect, rC+ rN+ Str+4 Dex-4}
   (You took it off an orc on level 5 of the Dungeon)

   Str:       It affects your strength (+4).
   Dex:       It affects your dexterity (-4).
   rC:        It protects you from cold.
   rN:        It protects you from negative energy.
 n - a +3 sling
Missiles
 i - 24 boomerangs (quivered)
 k - 6 atropa-tipped darts
 I - 2 silver boomerangs
 K - 8 curare-tipped darts
Armour
 e - the cursed +0 buckler "Share My Vision" (worn) {Melee, Self}
   (You found it on level 1 of the Dungeon)

   It has a curse which improves the following skills: Melee Combat: Short
   Blades, Long Blades, Axes, Maces & Flails, Polearms, Staves and Unarmed
   Combat.
   Introspection: Fighting and Spellcasting.
 E - a +2 robe of positive energy (worn)
 J - a +0 helmet (worn)
Magical Staves
 b - the cursed staff of conjuration of Ashenzari's Seer (weapon) {Self, Evo}
   (You found it on level 4 of the Dungeon)

   [staff of conjuration]

   Your inability to study Conjurations prevents you from drawing on the full
   power of this staff in melee.
   Base accuracy: +5 Base damage: 5 Base attack delay: 1.2 This weapon's minimum
   attack delay (0.6) is reached at skill level 12.
   It falls into the 'Staves' category.
   It is a one-handed weapon.
   It has a curse which improves the following skills: Introspection: Fighting
   and Spellcasting.
   Evocations: Evocations.
Jewellery
 m - an amulet of the acrobat (around neck)
 o - the cursed ring of Supernal Knowledge (left hand) {SInv, Fort, Cun}
   (You found it on level 4 of the Dungeon)

   [ring of see invisible]

   SInv:      It lets you see invisible.
   It has a curse which improves the following skills: Fortitude: Armour and
   Shields.
   Cunning:   Dodging and Stealth.
 F - the cursed ring "Circumscribed With Me" (right hand) {rF+, Evo, Range}
   (You found it on level 6 of the Dungeon)

   [ring of protection from fire]

   rF:        It protects you from fire.
   It has a curse which improves the following skills: Evocations: Evocations.
   Ranged Combat: Ranged Weapons and Throwing.
Wands
 A - a wand of polymorph (16)
 G - a wand of paralysis (10)
 L - a wand of roots (12)
 O - a wand of mindburst (10)
Scrolls
 c - 3 scrolls of poison
 f - a scroll of blinking
 g - a scroll of fog
 h - 2 scrolls of fear
 q - 2 scrolls of magic mapping
 r - a scroll of enchant weapon
 t - a scroll of enchant armour
 u - a scroll of silence
 x - a scroll of immolation
 z - 3 scrolls of torment
 C - 4 scrolls of teleportation
Potions
 d - 5 potions of haste
 j - 2 potions of berserk rage
 l - 2 potions of resistance
 p - 6 potions of curing
 s - 3 potions of might
 v - 3 potions of attraction
 w - a potion of cancellation
 y - a potion of lignification
 B - a potion of brilliance
 D - 3 potions of mutation
 H - a potion of heal wounds
 N - a potion of ambrosia
Miscellaneous
 M - a box of beasts


   Skills:
 * Level 4.7(6.8) Fighting
 + Level 0.1(0.3) Axes
 + Level 0.5(1.2) Staves
 - Level 2.4(3.6) Armour
 + Level 3.6(5.0) Dodging
 - Level 2.0(3.1) Stealth
 + Level 4.0(5.4) Shields
 - Level 1.2(2.2) Unarmed Combat
 * Level 11.6(13.8) Spellcasting
 + Level 2.1(3.9) Evocations


You knew the following spells:

 Your Spells              Type           Power      Damage    Failure   Level
a - Sting                 Tmut/Pois      100%       1d8       1%          1
b - Poisonous Vapours     Pois/Air       100%       N/A       1%          2
c - Mephitic Cloud        Conj/Pois/Air  81%        N/A       1%          3
d - Olgreb's Toxic Radia  Pois           62%        N/A       1%          4
e - Shock                 Conj/Air       100%       1d9       1%          1
f - Searing Ray           Conj           100%       2d8       1%          2
g - Swiftness             Air            62%        N/A       1%          3
h - Airstrike             Air            31%        2d(5-21)  1%          4
i - Blade Hands           Tmut           31%        N/A       1%          5
Your spell library was empty.

Dungeon Overview and Level Annotations

Branches:
Dungeon (10/15)            Temple (1/1) D:5            Lair (0/5) D:8
  Sewer (visited)          Bailey (visited)
    Orc: D:9-12

Altars:
Ashenzari
Cheibriados
Elyvilon
Fedhas
Gozag
Hepliaklqana
Makhleb
Nemelex Xobeh
Okawaru
Qazlal
Ru
Trog
Uskayaw
Xom
Yredelemnul
Zin
The Shining One

Shops:
D:1 =


Innate Abilities, Weirdness & Mutations

You are immune to sickness and miasma.
You are immune to poison.
Your flesh is very heat resistant. (rF++)
You are vulnerable to cold. (rC-)
You float through the air rather than walking.
You learn spells naturally, not from books.
Your magical power is your life essence.
You have superior vitality. (+4 MHP)


Message History

Casting: Airstrike (safe; 1% risk of failure)
Confirm with . or Enter, or press ? or * to list all spells.
Aiming: Searing Ray (safe; 1% risk of failure)
Press: ? - help, Shift-Dir - straight line, p - centaur
Okay, then.
Casting: Searing Ray (safe; 1% risk of failure)
Confirm with . or Enter, or press ? or * to list all spells.
You begin to radiate toxic energy.
You kill the centaur!
Training target 2.0 for Unarmed Combat reached!
Your base Unarmed Combat skill increases to level 1!
Unknown command.
Casting: Olgreb's Toxic Radiance (safe; 1% risk of failure)
Confirm with . or Enter, or press ? or * to list all spells.
Aiming: Searing Ray (safe; 1% risk of failure)
Press: ? - help, Shift-Dir - straight line, f - acid dragon
Aim: an acid dragon (83% to hit)
You feel a surge of power!
The searing ray hits the acid dragon!
The acid dragon is moderately wounded. (Press . to maintain the ray.)
The acid dragon spits acid at you. The splash of acid hits you!!
The acid corrodes you!
The searing ray misses the acid dragon.
The searing ray hits the acid dragon.
The acid dragon is moderately wounded.
The searing ray hits the acid dragon but does no damage.
The acid dragon is moderately wounded.
You finish channelling your searing ray.
Your toxic aura wanes.
Casting: Searing Ray (safe; 1% risk of failure)
Confirm with . or Enter, or press ? or * to list all spells.
Aiming: Airstrike (safe; 1% risk of failure)
Press: ? - help, Dir - move target, f/p - acid dragon
Aim: an acid dragon (moderately wounded, empty space bonus: 7/8)
The air twists around and strikes the acid dragon!
The acid dragon is severely wounded.
* * * LOW HITPOINT WARNING * * *
The acid dragon spits acid at you. The splash of acid hits you!!
You die...

, * *,
.......# *
** ,
#......# ,
,, #......#
* , *
*#......# ,
* #......#
, #......##
,, , *
#.D.....(,,
* , ,
#@.....#
####.### ,
* , , * *,
* + * , , ,
, *, *


You could see an acid dragon (catching breath).

Vanquished Creatures
  An orc knight (Bailey)
  Maggie (D:8)
  A troll (D:9)
  2 hornets
  Sigmund (D:6)
  2 steam dragons (D:8)
  2 water moccasins
  3 black bears
  14 orc warriors
  3 ice beasts
  2 ogres
  2 centaurs
  The ghost of mangeymoose the Insei, an amateur OpTm (D:3)
  A gnoll sergeant (D:8)
  A kobold brigand (D:7)
  6 scorpions
  10 bullfrogs
  14 wights
  4 crimson imps (D:7)
  6 hounds
  4 jellies
  A gnoll bouda (D:5)
  8 orc priests
  Jessica (D:3)
  5 iguanas
  A sleepcap (D:4)
  13 orc wizards
  Natasha (thrice) (D:4)
  Robin (D:4)
  8 gnolls
  5 adders
  2 river rats (D:6)
  A shadow imp (D:6)
  5 white imps
  5 worms
  2 dart slugs (D:1)
  39 orcs
  7 ball pythons
  9 bats
  5 endoplasms
  4 giant cockroaches
  15 goblins
  16 hobgoblins
  6 jackals
  4 quokkas
  7 frilled lizards
  19 kobolds
  8 rats
281 creatures vanquished.

Notes
Turn   | Place    | Note
-------+----------+-------------------------------------------
     0 | D:1      | monsoonserge the Djinni Venom Mage began the quest for the
                  | Orb.
     0 | D:1      | monsoonserge set off with the following spells memorised:
                  | Sting, Poisonous Vapours, Mephitic Cloud, Olgreb's Toxic
                  | Radiance.
     0 | D:1      | Reached XP level 1. HP: 15/15 MP: 0/0
   123 | D:1      | Reached XP level 2. HP: 18/21 MP: 0/0
   306 | D:1      | Reached skill level 3 in Spellcasting
   366 | D:1      | You are sucked into a shaft and drop 1 floor!
   450 | D:2      | Reached XP level 3. HP: 13/25 MP: 0/0
   450 | D:2      | Learned a level 1 spell: Shock
   717 | D:1      | Found Miet's Jewellery Boutique.
  1001 | D:2      | Reached XP level 4. HP: 31/31 MP: 0/0
  1371 | D:2      | Found a white marble altar of Elyvilon.
  1559 | D:3      | Noticed Jessica
  1563 | D:3      | Killed Jessica
  1564 | D:3      | Reached skill level 4 in Spellcasting
  1564 | D:3      | Reached XP level 5. HP: 15/36 MP: 0/0
  1564 | D:3      | Learned a level 2 spell: Searing Ray
  2129 | D:3      | Found a runed translucent door.
  2130 | D:3      | Noticed mangeymoose's ghost (amateur OpTm)
  2536 | D:4      | Noticed a bullfrog
  2542 | D:4      | Killed a bullfrog
  2543 | D:4      | Reached XP level 6. HP: 37/41 MP: 0/0
  2596 | D:4      | Noticed Robin
  2608 | D:4      | Killed Robin
  2822 | D:4      | Reached skill level 5 in Spellcasting
  2930 | D:4      | Noticed Natasha
  2942 | D:4      | Killed Natasha
  2943 | D:4      | Reached skill level 1 in Shields
  3221 | D:4      | Noticed Natasha
  3225 | D:4      | Reached XP level 7. HP: 36/46 MP: 0/0
  3225 | D:4      | Learned a level 3 spell: Swiftness
  3229 | D:4      | Reached skill level 1 in Armour
  3234 | D:4      | Killed Natasha
  3584 | D:5      | Entered Level 5 of the Dungeon
  3732 | D:5      | Reached skill level 1 in Fighting
  3849 | D:5      | Reached XP level 8. HP: 44/52 MP: 0/0
  3915 | D:5      | Reached skill level 6 in Spellcasting
  3995 | D:5      | Found a staircase to the Ecumenical Temple.
  4002 | Temple   | Entered the Ecumenical Temple
  4049 | Temple   | Became a worshipper of Ashenzari the Shackled
  4902 | D:5      | Identified the +10 rapier of the Pill Bug {protect, rC+ rN+
                  | Str+4 Dex-4}
  5394 | D:6      | Noticed a hornet
  5399 | D:6      | Killed a hornet
  5400 | D:6      | Reached skill level 7 in Spellcasting
  5402 | D:6      | Reached XP level 9. HP: 44/57 MP: 0/0
  5402 | D:6      | Learned a level 4 spell: Airstrike
  5489 | D:6      | Found a glowing drain.
  5498 | Sewer    | Entered a sewer
  5661 | D:6      | Noticed Sigmund
  5666 | D:6      | Killed Sigmund
  5729 | D:6      | Reached skill level 8 in Spellcasting
  6065 | D:6      | Reached skill level 1 in Evocations
  6425 | D:6      | Found a hazy altar of Hepliaklqana.
  6450 | D:6      | Reached * piety under Ashenzari
  7050 | D:7      | Reached skill level 9 in Spellcasting
  7188 | D:7      | Reached XP level 10. HP: 62/67 MP: 0/0
  7203 | D:7      | Found a large runed translucent door.
  7203 | D:7      | Found a large runed translucent door.
  7218 | D:7      | Found a shimmering altar of Xom.
  7735 | D:7      | Reached ** piety under Ashenzari
  7823 | D:7      | Found a shimmering altar of Xom.
  8180 | D:8      | Found a flagged portal.
  8210 | Bailey   | Entered a bailey
  8230 | Bailey   | Noticed an orc knight
  8237 | Bailey   | Killed an orc knight
  8238 | Bailey   | Reached skill level 10 in Spellcasting
  8702 | D:8      | Noticed Maggie
  8707 | D:8      | Killed Maggie
  8956 | D:8      | Found a glowing golden altar of the Shining One.
  9112 | D:8      | Reached XP level 11. HP: 48/76 MP: 0/0
  9112 | D:8      | Learned a level 5 spell: Blade Hands
  9445 | D:8      | Reached skill level 11 in Spellcasting
  9531 | D:8      | Found a staircase to the Lair.
  9679 | D:8      | Reached *** piety under Ashenzari
 10031 | D:9      | Identified the cursed staff of conjuration of Ashenzari's
                  | Seer {Self, Evo} (You found it on level 4 of the Dungeon)
 10031 | D:9      | Identified the cursed +0 buckler "Share My Vision" {Melee,
                  | Self} (You found it on level 1 of the Dungeon)
 11221 | D:10     | Entered Level 10 of the Dungeon
 11482 | D:4      | Noticed Natasha
 11485 | D:4      | Killed Natasha
 11574 | D:3      | Killed mangeymoose's ghost
 11704 | D:10     | Reached skill level 1 in Unarmed Combat
 11708 | D:10     | Killed from afar by an acid dragon

Illustrated notes

Levels and vault maps discovered:
D:1:      lemuel_arrival_lava_pool, layout_basic, serial_shops,
          nicolae_square_shop, minmay_statues_item
D:2:      layout_rooms, basic_altar, chequers_serial_rivers_micro_e,
          minmay_tall_x
D:3:      layout_basic, serial_glass, glass_columns_a, glass_columns_a,
          glass_columns_b, glass_columns_c, glass_columns_a, glass_columns_c,
          glass_columns_c, glass_columns_b, glass_columns_a, glass_columns_c,
          glass_columns_a, glass_columns_c, glass_columns_b, glass_columns_a,
          gammafunk_ghost_grave, minmay_misc_feat_four_crosses, uniq_jessica
D:4:      layout_loops_cross, uniq_natasha, uniq_robin
D:5:      layout_layer_cave, minmay_temple_entry_mini_moons, minivault_24
D:6:      kb_forest_paths, layout_basic, nzn_hepliaklqana_mist_gate,
          portal_sewer_entry_e, uniq_sigmund
D:7:      due_chaos_kobolds, layout_cave_pools, led_xom_imps,
          kennysheep_orc_sif_temple
D:8:      layout_basic, tso_oasis_becter, lair_entry_dummy, enter_bailey_6,
          uniq_maggie
D:9:      layout_basic
D:10:     layout_roguey, mainiacjoe_overflow_six_doors_small, minitemple,
          uniq_grum
Temple:   bh_familiar_temple

Skill      XL: |  1  2  3  4  5  6  7  8  9 10 11 |
---------------+----------------------------------+-----
Spellcasting   | 3 4 5 7 9 10 11 | 11.6
Shields        | 1 2 3 4 |  4.0
Armour         | 1 2 |  2.4
Fighting       | 1 2 4 |  4.7
Evocations     | 1 2 |  2.1
Stealth        | 2 |  2.0
Dodging        | 3 |  3.6
Unarmed Combat | 1 |  1.2
Axes           | |  0.1
Staves         | |  0.5

Action                     |  1- 3 |  4- 6 |  7- 9 | 10-12 || total
---------------------------+-------+-------+-------+-------++-------
  Melee: Short sword       |    13 |       |       |       ||    13
         Hand axe          |     8 |    14 |       |       ||    22
         Staff             |       |     1 |    22 |     9 ||    32
   Cast: Sting             |    44 |    36 |    84 |    43 ||   207
         Poisonous Vapours |     8 |    42 |    45 |    36 ||   131
         Shock             |       |    30 |    78 |   107 ||   215
         Searing Ray       |       |     2 |     6 |    26 ||    34
         Mephitic Cloud    |       |     3 |    13 |    12 ||    28
         Olgreb's Toxic Ra |       |       |     6 |    18 ||    24
         Airstrike         |       |       |     2 |    16 ||    18
         Blade Hands       |       |       |       |     1 ||     1
 Invoke: Curse Item        |       |       |     2 |     2 ||     4
    Use: Scroll            |       |     5 |     2 |       ||     7
 Armour: Robe              |     6 |     3 |     6 |     8 ||    23
         Leather armour    |       |       |     1 |       ||     1
  Dodge: Dodged            |    14 |    15 |    35 |    41 ||   105
  Block: Buckler           |     4 |     5 |    13 |    21 ||    43
